 Dungeon Crawl Stone Soup version 0.21-a0-203-gb066a6e (webtiles) character file.

9692 Helio the Unseen (level 11, -8/54 HPs)
             Began as a Spriggan Enchanter on Aug 19, 2017.
             Was a Believer of Dithmenos.
             Mangled by a skeletal warrior
             ... wielding a +0 trident
             ... led by a skeletal warrior
              (23 damage)
             ... on level 11 of the Dungeon.
             The game lasted 00:44:40 (17929 turns).

Helio the Unseen (Spriggan Enchanter)              Turns: 17929, Time: 00:44:41

Health: -8/54      AC:  7    Str:  6    XL:     11   Next: 26%
Magic:  25/25      EV: 28    Int: 17    God:    Dithmenos [**....]
Gold:   681        SH:  0    Dex: 18    Spells: 17/29 levels left

rFire    . . .     SeeInvis +   a - +6 dagger
rCold    . . .     Gourm    .   (shield restricted)
rNeg     . . .     Faith    .   b - +2 robe
rPois    .         Spirit   .   (helmet restricted)
rElec    .         Reflect  .   y - +2 cloak
rCorr    .         Harm     .   (gloves unavailable)
MR       +....                  (boots unavailable)
Stlth    +++++++++.             (no amulet)
HPRegen  0.18/turn              g - +3 ring of evasion
MPRegen  0.19/turn              v - ring of stealth

@: about to teleport, wreathed by umbra, very quick
A: unfitting armour, see invisible, herbivore 3, speed 3, slow metabolism 2
a: Shadow Step, Renounce Religion


You were on level 11 of the Dungeon.
You worshipped Dithmenos.
Dithmenos was pleased with you.
You were not hungry.

You visited 2 branches of the dungeon, and saw 12 of its levels.
You also visited: Ossuary and Bailey.

You collected 681 gold pieces.

Inventory:

Hand Weapons
 a - a +6 dagger (weapon)
 h - the +9 falchion "Mikleuxt" {venom, *Corrode rN++}
   (You found it on level 4 of the Dungeon)

   It poisons the flesh of those it strikes.
   It greatly protects you from negative energy.
   It may corrode you when you take damage.
 x - a +3 short sword of venom
 F - a +1 dagger of electrocution
Missiles
 H - a throwing net (quivered)
Armour
 b - a +2 robe (worn)
 y - a +2 cloak (worn)
 I - +2 ice dragon scales
Jewellery
 g - a +3 ring of evasion (left hand)
 v - a ring of stealth (right hand)
Wands
 B - a wand of confusion (26/48)
 C - a wand of lightning (8/15)
 E - a wand of confusion (28/48)
Scrolls
 f - 4 scrolls of remove curse
 m - 4 scrolls of teleportation
 p - 2 scrolls of amnesia
 q - a scroll of recharging
 s - 2 scrolls of magic mapping
 t - 7 scrolls of identify
 u - a scroll of blinking
 G - a scroll of enchant armour
Potions
 c - 2 potions of curing
 e - 2 potions of heal wounds
 i - a potion of resistance
 k - 2 potions of invisibility
 l - 3 potions of lignification
 n - 4 potions of might
 o - 2 potions of flight
 w - a potion of haste
 z - a potion of agility
Books
 j - a book of Conjurations

   Spells                             Type                      Level
   a - Magic Dart                     Conjuration                  1
   b - Searing Ray                    Conjuration                  2
   c - Dazzling Spray                 Conjuration/Hexes            3
   d - Fulminant Prism                Conjuration/Hexes            4
   e - Force Lance                    Conjuration/Translocation    4
   f - Iskenderun's Mystic Blast      Conjuration                  4
 r - a book of Minor Magic

   Spells                             Type                      Level
   a - Magic Dart                     Conjuration                  1
   b - Blink                          Translocation                2
   c - Call Imp                       Summoning                    2
   d - Slow                           Hexes                        2
   e - Conjure Flame                  Conjuration/Fire             3
   f - Mephitic Cloud                 Conjuration/Poison/Air       3
Comestibles
 d - 6 bread rations
 A - 28 fruits


   Skills:
 + Level 4.6 Fighting
 + Level 6.2 Short Blades
 + Level 8.7 Dodging
 + Level 15.5 Stealth
 + Level 9.5 Spellcasting
 + Level 9.5 Hexes


You had 17 spell levels left.
You knew the following spells:

 Your Spells              Type           Power        Failure   Level  Hunger
a - Ensorcelled Hibernat  Hex/Ice        ###...       1%          2    None
b - Corona                Hex            #####..      1%          1    None
c - Confuse               Hex            #####...     1%          3    None
d - Tukima's Dance        Hex            #####...     1%          3    None
e - Dazzling Spray        Conj/Hex       ###...       3%          3    None


Dungeon Overview and Level Annotations

Branches:
Dungeon (11/15)            Temple (1/1) D:7            Lair (0/6) D:10
    Orc (0/2) D:10

Altars:
Ashenzari
Cheibriados
Dithmenos
Elyvilon
Fedhas
Gozag
Hepliaklqana
Kikubaaqudgha
Makhleb
Nemelex Xobeh
Okawaru
Qazlal
Ru
Sif Muna
Trog
Uskayaw
Vehumet
Wu Jian
Xom
Yredelemnul
Zin
The Shining One

Shops:
D:2 *   D:7 ?


Innate Abilities, Weirdness & Mutations

You are very small and have problems with some larger weapons.
You are too small for most types of armour.
You have supernaturally acute eyesight. (SInv)
You are a herbivore.
You cover ground extremely quickly.
You need consume almost no food.


Message History

There is an open door here.
There is an open door here.
There is a gate leading back out of this place here.
Welcome back to the Dungeon!
The skeletal warrior completely misses you.
The gnoll misses you.
The skeletal warrior completely misses you.
The skeletal warrior hits you with a long sword of freezing!
The skeletal warrior freezes you! The gnoll hits you but does no damage.
The skeletal warrior hits you but does no damage.
There is an empty arch of ancient stone, spattered with blood here.
As you read the scroll of teleportation, it crumbles to dust.
You feel strangely unstable.
The skeletal warrior hits you but does no damage.
Unknown command.
You feel better.
The skeletal warrior hits you from afar with a halberd!!
* * * LOW HITPOINT WARNING * * *
The skeletal warrior hits you with a trident!!
You die...

*,,,,#....,,,*,,,,,*,,,,,
*,,,*#≈≈≈≈≈≈≈≈≈≈≈≈≈≈≈,,,,
######≈#**,,,,,,,***≈,,,,
#.....≈# ********* *≈,,,,
#.....≈## **≈,,,, #<...'≈.#
*,≈,,,, #....#≈)# *,≈,,,,
######≈z## *,≈,,,, #≈z@# *,≈,,,,
*#≈z## *,≈,,,, ***********#$gz#
*,≈,,,, *,,,,,,,,,...≈z# *,≈,,,,
*,,,,,,,.....≈## **≈,,,,
*,,,,,,,.....≈* ********* *≈,,,,
*,,,,,,,.....≈***,,,,,,,***≈,,,,
*,,,,,,,.###.≈≈≈≈≈≈≈≈≈≈≈≈≈≈≈,,,,
*,,,,,,,,* ***,,,,,,,,,,*,,,,,,,


You could see 5 skeletal warriors and a gnoll.

Vanquished Creatures
  A two-headed ogre (D:10)
  The ghost of luttz the Carver, a novice MiBe of Trog (D:9)
  An orc knight (Bailey)
  A cyclops (D:10)
  Joseph (D:8)
  A komodo dragon (D:10)
  A troll (D:9)
  2 wyverns
  Sigmund (D:4)
  Eustachio (D:6)
  A hungry ghost (D:8)
  6 yaks (D:9)
  A water moccasin (D:9)
  2 ice beasts
  10 orc warriors
  A swamp drake (D:10)
  2 black bears
  3 ogres
  3 sky beasts
  A phantom (D:6)
  A necrophage (D:10)
  3 centaurs
  Blork the orc (D:7)
  A big kobold (D:9)
  A bullfrog (D:9)
  5 scorpions
  4 killer bees (D:11)
  3 wights (D:6)
  4 howler monkeys
  An electric eel (D:10)
  4 centaur zombies (Ossuary)
  3 crimson imps
  A gnoll shaman (D:9)
  4 bullfrog zombies
  2 orc priests (D:10)
  11 orc wizards
  A hound (D:7)
  5 jellies
  A centaur skeleton (D:5)
  3 bullfrog skeletons
  4 iguanas
  Natasha (thrice) (D:4)
  2 worker ants
  A killer bee zombie (Ossuary)
  3 hound zombies (Ossuary)
  17 mummies (Ossuary)
  2 howler monkey zombies (Ossuary)
  3 worker ant zombies
  6 gnolls
  12 adders
  A shadow imp (D:5)
  2 oozes (D:2)
  6 adder zombies
  6 worms
  2 dart slugs
  7 leopard geckos
  44 orcs
  2 ball pythons
  5 bats
  5 giant cockroaches
  9 goblins
  7 hobgoblins
  15 jackals
  5 quokkas
  5 frilled lizards
  2 jackal zombies (Ossuary)
  7 kobolds
  A leopard gecko zombie (Ossuary)
  A quokka zombie (Ossuary)
  7 rats
  A plant (D:10)
293 creatures vanquished.

Vanquished Creatures (collateral kills)
  An orc wizard (D:10)
  3 gnolls
  5 orcs
  A hobgoblin (D:6)
10 creatures vanquished.

Vanquished Creatures (others)
  A withered plant (Ossuary)
1 creature vanquished.

Grand Total: 304 creatures vanquished

Notes
Turn   | Place    | Note
-------+----------+-------------------------------------------
     0 | D:1      | Helio the Spriggan Enchanter began the quest for the Orb.
     0 | D:1      | Reached XP level 1. HP: 9/9 MP: 5/5
   874 | D:1      | Reached XP level 2. HP: 6/13 MP: 5/7
   878 | D:1      | Learned a level 2 spell: Ensorcelled Hibernation
  1876 | D:2      | Reached XP level 3. HP: 16/16 MP: 9/9
  2454 | D:2      | Learned a level 3 spell: Confuse
  2458 | D:2      | Learned a level 3 spell: Tukima's Dance
  2611 | D:2      | Found a burning altar of Makhleb.
  2696 | D:2      | Found Zin's Purification Station.
  2706 | D:2      | Reached XP level 4. HP: 14/21 MP: 4/11
  2723 | D:2      | Found a glowing silver altar of Zin.
  3692 | D:3      | Learned a level 3 spell: Dazzling Spray
  3766 | D:3      | Reached skill level 5 in Hexes
  4073 | D:3      | Found a white marble altar of Elyvilon.
  4580 | D:3      | Found a faded altar of an unknown god.
  4603 | D:3      | Reached skill level 5 in Spellcasting
  4642 | D:3      | Reached XP level 5. HP: 24/24 MP: 10/13
  5209 | D:4      | Got a crystal falchion
  5210 | D:4      | Identified the +9 falchion "Mikleuxt" {venom, *Corrode rN++} (You found it on level 4 of the Dungeon)
  5234 | D:4      | Noticed Sigmund
  5252 | D:4      | Killed Sigmund
  5252 | D:4      | Reached XP level 6. HP: 28/28 MP: 13/16
  5371 | D:4      | Found a sand-covered staircase.
  5379 | Ossuary  | Entered an ossuary
  5420 | Ossuary  | Reached skill level 5 in Stealth
  5472 | Ossuary  | Reached skill level 6 in Stealth
  5487 | Ossuary  | Reached skill level 7 in Stealth
  5487 | Ossuary  | Reached XP level 7. HP: 12/32 MP: 5/17
  5790 | Ossuary  | HP: 1/48 [centaur zombie (3)]
  5820 | Ossuary  | Reached skill level 8 in Stealth
  6436 | Ossuary  | Reached skill level 9 in Stealth
  7235 | Ossuary  | Reached skill level 10 in Stealth
  7903 | D:4      | Noticed Natasha
  7904 | D:4      | Killed Natasha
  8084 | D:4      | Noticed Natasha
  8100 | D:4      | Killed Natasha
  8100 | D:4      | Reached XP level 8. HP: 36/36 MP: 12/18
  8112 | D:4      | Reached skill level 11 in Stealth
  8526 | D:4      | Noticed Natasha
  8540 | D:4      | Killed Natasha
  8652 | D:5      | Entered Level 5 of the Dungeon
  8677 | D:5      | Reached skill level 12 in Stealth
  8831 | D:5      | Noticed Blork the orc
  9802 | D:5      | Reached skill level 13 in Stealth
 10862 | D:6      | Noticed Eustachio
 10876 | D:6      | Killed Eustachio
 10876 | D:6      | Reached skill level 1 in Fighting
 10910 | D:6      | Reached XP level 9. HP: 41/41 MP: 18/20
 11141 | D:6      | Identified a scroll of acquirement
 11502 | D:6      | Reached skill level 5 in Dodging
 12119 | D:7      | Found a shimmering altar of Xom.
 12143 | D:7      | Killed Blork the orc
 12186 | D:7      | Found Lurem's Magic Scroll Boutique.
 12414 | D:7      | Found a deep blue altar of Sif Muna.
 12414 | D:7      | Found a glowing golden altar of the Shining One.
 12415 | D:7      | Found a hide-covered altar of Uskayaw.
 12457 | D:7      | Found a staircase to the Ecumenical Temple.
 12469 | Temple   | Entered the Ecumenical Temple
 12482 | Temple   | Became a worshipper of Dithmenos the Shadowed
 13292 | D:8      | Reached skill level 14 in Stealth
 13323 | D:8      | Noticed Joseph
 13330 | D:8      | Killed Joseph
 13773 | D:9      | Reached XP level 10. HP: 35/49 MP: 7/23
 14103 | D:9      | Noticed luttz's ghost (novice MiBe)
 14140 | D:9      | Killed luttz's ghost
 14403 | D:9      | Reached skill level 5 in Short Blades
 14555 | D:9      | Reached * piety under Dithmenos
 14939 | D:9      | Found a bloodstained altar of Trog.
 14956 | D:9      | Found a blossoming altar of Fedhas.
 15097 | D:10     | Entered Level 10 of the Dungeon
 15408 | D:10     | Noticed a two-headed ogre
 15442 | D:10     | Killed a two-headed ogre
 15442 | D:10     | Reached skill level 15 in Stealth
 15785 | D:10     | Reached ** piety under Dithmenos
 15789 | D:10     | Found a staircase to the Orcish Mines.
 15965 | D:10     | Found a staircase to the Lair.
 16006 | D:10     | Reached XP level 11. HP: 53/53 MP: 21/25
 16643 | D:11     | Found a flagged portal.
 16648 | D:11     | Noticed a skeletal warrior
 16648 | D:11     | Noticed a skeletal warrior
 16648 | D:11     | Noticed a skeletal warrior
 16648 | D:11     | Noticed a skeletal warrior
 16652 | D:11     | Noticed a skeletal warrior
 16655 | Bailey   | Entered a bailey
 17605 | Bailey   | Noticed an orc knight
 17630 | Bailey   | Killed an orc knight
 17929 | D:11     | Mangled by a skeletal warrior

Vault maps used:
D:1:      shiori_shiawase
D:2:      zin_purify, nicolae_overflow_crystal_walls
D:3:      lemuel_coloured_pillars_altar, first_bread,
          chequers_ecumenical_altar_island
D:4:      nicolae_ossuary_entry_plus, bh_walls_and_bars, uniq_natasha,
          uniq_sigmund
D:5:      st_stairs_13, serial_bayou_lagoon_a, uniq_blork_the_orc
D:6:      amethyst_killhole, sigmund_army, uniq_eustachio
D:7:      chequers_temple_overflow_statue_of_worship,
          minmay_temple_entry_overgrown, serial_shops, kennysheep_mini_moat
D:8:      st_stairs_5, kennysheep_crisscross, uniq_joseph
D:9:      marbit_many_paths, bloody_trog, blue_anna_alchemist
D:10:     david_lair_shrubbed, erik_orc_1, lightli_minifort
D:11:     lightli_bailey_entry_fortress, nicolae_two_hexagons
Temple:   nicolae_temple_god_jail
Ossuary:  ossuary_zaba_flooded
Bailey:   bailey_polearm_1, bailey

Skill      XL: |  1  2  3  4  5  6  7  8  9 10 11 |
---------------+----------------------------------+-----
Spellcasting   | 3 4 5 6 8 9 |  9.5
Hexes          | 4 5 6 7 8 9 |  9.5
Stealth        | 7 10 13 14 15 | 15.5
Fighting       | 1 3 4 |  4.6
Short Blades   | 2 4 5 6 |  6.2
Dodging        | 4 6 8 |  8.7

Action                   |  1- 3 |  4- 6 |  7- 9 | 10-12 || total
-------------------------+-------+-------+-------+-------++-------
Melee: Dagger            |    83 |   180 |   327 |   214 ||   804
 Cast: Corona            |     9 |     1 |     1 |       ||    11
       Ensorcelled Hiber |    24 |    30 |    38 |    33 ||   125
       Confuse           |     2 |    20 |    71 |    42 ||   135
       Tukima's Dance    |       |     3 |     5 |     5 ||    13
       Dazzling Spray    |       |       |     6 |     4 ||    10
  Use: Scroll            |       |    11 |    19 |     2 ||    32
       Potion            |       |     3 |     4 |     1 ||     8
 Stab: Sleeping          |    21 |    30 |    46 |    48 ||   145
       Confused          |     1 |    16 |    40 |    12 ||    69
       Distracted        |       |       |     3 |       ||     3
       Invisible         |       |       |     1 |     1 ||     2
  Eat: Bread ration      |     1 |       |     2 |       ||     3
       Royal jelly       |       |       |     1 |     2 ||     3
Armor: Robe              |     5 |    13 |    12 |    11 ||    41
       Skin              |       |       |    24 |       ||    24
Dodge: Dodged            |    67 |   128 |   152 |   118 ||   465
